 Dungeon Crawl Stone Soup version 0.25.0-9-g26727b657a (webtiles) character file.

Game seed: 3664289445419297196

2441 funshine the Fighter (level 9, 17/84 HPs)
             Began as a Minotaur Fighter on June 18, 2020.
             Was a Believer of Qazlal.
             Quit the game on level 9 of the Dungeon.
             The game lasted 00:47:41 (6256 turns).

funshine the Fighter (Minotaur Fighter)             Turns: 6256, Time: 00:47:41

Health: 17/84      AC: 17    Str: 23    XL:     9   Next: 25%
Magic:  8/8        EV:  6    Int:  5    God:    Qazlal [**....]
Gold:   296        SH: 13    Dex: 11    Spells: 8/8 levels left

rFire    . . .     SeeInvis .   a - +1 flail
rCold    . . .     Gourm    .   c - +0 kite shield
rNeg     . . .     Faith    .   C - +1 plate armour
rPois    .         Spirit   .   (helmet restricted)
rElec    .         Reflect  .   y - +0 cloak
rCorr    .         Harm     .   (no gloves)
MR       .....                  w - +0 pair of boots
Stlth    ..........             (no amulet)
HPRegen  0.24/turn              k - ring of flight
MPRegen  0.11/turn              (no ring)

@: hasted, very quick
A: retaliatory headbutt, horns 2
a: Upheaval, Renounce Religion, Evoke Flight


You were on level 9 of the Dungeon.
You worshipped Qazlal.
Qazlal was pleased with you.
You were not hungry.

You visited 1 branch of the dungeon, and saw 7 of its levels.

You collected 296 gold pieces.

Inventory:

Hand Weapons
 a - a +1 flail (weapon)
 x - a +3 quarterstaff of chaos
Armour
 c - a +0 kite shield (worn)
 w - a +0 pair of boots (worn)
 y - a +0 cloak (worn)
 C - a +1 plate armour (worn)
Magical Staves
 o - a cursed staff of cold {unknown}
 B - an uncursed staff of conjuration
Jewellery
 k - a ring of flight (left hand)
Wands
 z - a wand of random effects (8)
Scrolls
 b - 2 scrolls of identify
 e - 2 scrolls of immolation
 j - a scroll of holy word {unknown}
 n - a scroll of amnesia
 t - 5 scrolls of teleportation
 v - 3 scrolls of remove curse
Potions
 d - 3 potions of might
 g - 4 potions of flight {unknown}
 h - 5 potions of curing {unknown}
 i - 2 potions of heal wounds {unknown}
 l - 3 potions of magic {unknown}
 m - a potion of haste
 p - a potion of ambrosia {unknown}
 q - a potion of invisibility {unknown}
 r - 2 potions of resistance {unknown}
 A - a potion of lignification {unknown}
Comestibles
 f - 4 rations


   Skills:
 * Level 9.4 Fighting
 + Level 7.2(7.3) Maces & Flails
 - Level 1.0(4.6) Staves
 + Level 7.9 Armour
 - Level 1.1 Dodging
 - Level 0.2 Stealth
 + Level 7.6 Shields
 - Level 0.1 Evocations


You had 8 spell levels left.
You didn't know any spells.
Your spell library contained the following spells:

 Spells                   Type           Power        Failure   Level  Hunger
 Infusion                 Chrm           #...         100%        1    ##.....
 Shroud of Golubria       Chrm/Tloc      #.....       100%        2    ###....
 Song of Slaying          Chrm           #.......     100%        2    ###....
 Ozocubu's Armour         Chrm/Ice       #.......     100%        3    ####...
 Spectral Weapon          Hex/Chrm       #.......     100%        3    ####...


Dungeon Overview and Level Annotations

Branches:
Dungeon (9/15)             Temple (0/1) D:4
   Lair: D:8-11         Orc: D:9-12

Altars:
Cheibriados
Qazlal
The Shining One

Annotations:
D:3 1 runed translucent door
D:9 Zopybut's ghost, journeyman GnHu


Innate Abilities, Weirdness & Mutations

You reflexively headbutt those who attack you in melee.
You have a pair of horns on your head.


Message History

You block the quasit's attack. The quasit barely misses you.
You block the quasit's attack. The quasit claws you.
* * * LOW HITPOINT WARNING * * *
You block the quasit's attack.
The quasit bites you but does no damage.
The quasit claws you but does no damage.
You block the quasit's attack.
The kobold demonologist looks braver for a moment.
The kobold demonologist gestures wildly while chanting.
The kobold demonologist hits you but does no damage.
The shadow imp closely misses you.
The smoke demon disappears in a puff of smoke!
The shadow imp disappears for a moment.
The shadow imp hits you but does no damage.
There is a stone staircase leading up here.
You block the ufetubus's attack. The ufetubus barely misses you.
You hit the shadow imp. You headbutt the shadow imp!
The shadow imp is almost dead.
You block the big kobold's attack.
Are you sure you want to abandon this character and quit the game? (Confirm with "yes".)

#..K5.5...[
+55KKK###.$
#5K.#KKK..#
#####55K##K8P##
######..####.3#####.
........##.K.##....
.............##..#
#..###..##...##.○##
##+###..##.K3KK@..#
.+.............W55.#
.#.........>...K5.##
#####...##....5.h##
##.###...##......4.#
..........#........#
..........#........#
##+###...##........#
##.###...##+#..#..##


You could see 2 kobold demonologists, a sixfirhy (summoned), a chaos spawn
(summoned), a black bear, 2 big kobolds, 2 quasits, Zopybut's ghost, a shadow
imp (summoned) and an ufetubus (summoned).

Vanquished Creatures
  A two-headed ogre (D:9)
  A wyvern (D:8)
  2 hungry ghosts
  2 water moccasins (D:8)
  A sky beast (D:7)
  2 ice beasts
  An ogre (D:7)
  A big kobold (D:7)
  A bullfrog (D:7)
  A scorpion (D:8)
  2 howler monkeys (D:8)
  A centaur zombie (D:7)
  Crazy Yiuf (D:3)
  2 bullfrog skeletons
  A hound (D:8)
  2 orc wizards
  An iguana (D:4)
  5 worker ants
  Robin (D:4)
  8 adders
  2 oozes
  An adder skeleton (D:7)
  An adder zombie (D:7)
  6 worms
  3 dart slugs
  A leopard gecko (D:9)
  7 orcs
  3 bats
  4 giant cockroaches
  16 goblins
  6 hobgoblins
  6 jackals (D:1)
  3 quokkas
  2 ball pythons (D:2)
  8 frilled lizards
  15 kobolds
  2 rats
123 creatures vanquished.

Vanquished Creatures (others)
  A fungus (D:9)
1 creature vanquished.

Grand Total: 124 creatures vanquished

Notes
Turn   | Place    | Note
-------+----------+-------------------------------------------
     0 | D:1      | funshine the Minotaur Fighter began the quest for the Orb.
     0 | D:1      | Reached XP level 1. HP: 19/19 MP: 0/0
    98 | D:1      | Reached XP level 2. HP: 9/27 MP: 1/1
   501 | D:1      | Reached skill level 4 in Fighting
   571 | D:1      | Reached XP level 3. HP: 23/33 MP: 2/2
  1837 | D:3      | Found a glowing golden altar of the Shining One.
  1838 | D:3      | Noticed an angel
  1842 | D:3      | Found a runed translucent door.
  1885 | D:3      | Reached XP level 4. HP: 39/40 MP: 3/3
  1965 | D:3      | Found a stormy altar of Qazlal.
  2010 | D:3      | Became a worshipper of Qazlal Stormbringer
  2268 | D:3      | Reached XP level 5. HP: 35/47 MP: 4/4
  2812 | D:3      | Found a runed translucent door.
  2813 | D:3      | Noticed Crazy Yiuf
  2818 | D:3      | Killed Crazy Yiuf
  3182 | D:4      | Found a staircase to the Ecumenical Temple.
  3190 | D:4      | Noticed Robin
  3204 | D:4      | Reached skill level 5 in Armour
  3206 | D:4      | Killed Robin
  3210 | D:4      | Reached * piety under Qazlal
  3436 | D:4      | Reached skill level 1 in Dodging
  3436 | D:4      | Reached XP level 6. HP: 54/55 MP: 5/5
  3491 | D:4      | Reached skill level 1 in Staves
  3491 | D:4      | Reached skill level 5 in Shields
  3677 | D:4      | You fall into a shaft and drop 3 floors!
  3678 | D:7      | Noticed a sky beast
  3686 | D:7      | Killed a sky beast
  3686 | D:7      | Reached skill level 5 in Fighting
  3699 | D:7      | Noticed an ice beast
  3715 | D:7      | Killed an ice beast
  3715 | D:7      | Reached XP level 7. HP: 49/61 MP: 6/6
  3718 | D:7      | Noticed a hungry ghost
  3725 | D:7      | Killed a hungry ghost
  3725 | D:7      | Reached skill level 5 in Maces & Flails
  3763 | D:7      | Reached skill level 6 in Fighting
  4670 | D:8      | Reached skill level 7 in Fighting
  4670 | D:8      | Reached XP level 8. HP: 73/73 MP: 7/7
  4959 | D:8      | Reached skill level 8 in Fighting
  5015 | D:8      | Reached ** piety under Qazlal
  5040 | D:8      | Found a snail-covered altar of Cheibriados.
  5891 | D:9      | Noticed a two-headed ogre
  5899 | D:9      | Killed a two-headed ogre
  5899 | D:9      | Reached skill level 9 in Fighting
  5899 | D:9      | Reached XP level 9. HP: 19/84 MP: 8/8
  6210 | D:9      | Noticed a kobold demonologist
  6211 | D:9      | Found a runed translucent gate.
  6211 | D:9      | Noticed a kobold demonologist
  6211 | D:9      | Noticed Zopybut's ghost (journeyman GnHu)
  6212 | D:9      | Found a runed translucent gate.
  6212 | D:9      | Found a runed translucent gate.
  6214 | D:9      | Noticed a kobold demonologist
  6214 | D:9      | Identified the cursed +2 whip "Palargh" {venom, Int-5 Dex+6
                  | Stlth+}
  6226 | D:9      | Noticed a smoke demon
  6252 | D:9      | Noticed a sixfirhy
  6256 | D:9      | Quit the game

Illustrated notes

Levels and vault maps discovered:
D:1:      nzn_arrival_depleted_hourglass, layout_rooms, minmay_misc_feat_plants
D:2:      layout_basic, first_ration, interstate_on_off
D:3:      layout_loops_corners, nicolae_qazlal_general_emergency,
          lemuel_angel_altar, uniq_crazy_yiuf_cottage
D:4:      layout_layer_cave, minmay_temple_entry_overgrown, minmay_fountain_box,
          kennysheep_minor_cross, uniq_robin
D:7:      layout_loops_corners
D:8:      layout_basic, slow_altar_1
D:9:      layout_gridville, orc_0_dummy, gammafunk_ghost_nasty_kobolds,
          hangedman_ranch [blue_anna_fruit_fields], uniq_psyche

Skill      XL: |  1  2  3  4  5  6  7  8 |
---------------+-------------------------+-----
Armour         | 4 5 6 7 |  7.9
Fighting       | 4 5 7 9 |  9.4
Maces & Flails | 3 4 5 7 |  7.2
Shields        | 4 5 6 7 |  7.6
Dodging        | 1 |  1.1
Staves         | 1 |  1.0
Stealth        | |  0.2
Evocations     | |  0.1

Action                   |  1- 3 |  4- 6 |  7- 9 || total
-------------------------+-------+-------+-------++-------
Melee: Flail             |    96 |   134 |   150 ||   380
       Headbutt          |    13 |    31 |    31 ||    75
 Abil: Evoke Flight      |       |     2 |       ||     2
  Use: Scroll            |     5 |     6 |     2 ||    13
       Potion            |       |       |     1 ||     1
  Eat: Chunk             |     3 |       |     3 ||     6
       Ration            |       |     2 |     4 ||     6
Armor: Scale mail        |    44 |    62 |       ||   106
       Plate armour      |       |     3 |    88 ||    91
Dodge: Dodged            |    25 |    37 |    25 ||    87
Block: Kite shield       |    62 |    98 |   100 ||   260
